[Event "Mitropa Cup Open 2019"]
[Site "Radenci"]
[Date "2019.05.30"]
[Round "4.13"]
[White "Perske, Thore"]
[Black "Travadon, Loic"]
[Result "0-1"]
[ECO "B51"]
[WhiteElo "2456"]
[BlackElo "2441"]
[Annotator "ChessBase"]
[PlyCount "118"]
[EventDate "2019.05.27"]
[EventType "team-tourn"]
[EventCountry "SLO"]
[SourceTitle "playchess.com"]
[Source "ChessBase"]
[SourceQuality "1"]
[WhiteTeam "Germany"]
[BlackTeam "France"]
[WhiteTeamCountry "GER"]
[BlackTeamCountry "FRA"]
[TimeControl "40/5400+30:1800+30"]

1. e4 c5 2. Nf3 Nc6 3. Bb5 d6 4. Bxc6+ bxc6 5. e5 f6 6. exd6 e5 7. O-O Bxd6 8. c3 Ba6 9. d3 Ne7 10. Re1 O-O 11. d4 Ng6 12. dxe5 Nxe5 13. Nxe5 Bxe5 14. Qxd8 Rfxd8 15. Be3 Rab8 16. b3 c4 17. Bxa7 Ra8 18. Bd4 Rxd4 19. cxd4 Bxd4 20. Na3 Bxa1 21. Rxa1 c3 22. Rc1 Bb7 23. Nb1 Rxa2 24. Nxc3 Rb2 25. Rb1 Rc2 26. Nd1 Kf7 27. Ne3 Rc3 28. Kf1 f5 29. g3 g5 30. Ke1 Ba6 31. Ra1 Bd3 32. Ra7+ Kg6 33. Rc7 Be4 34. Rb7 f4 35. Re7 Bf3 36. gxf4 gxf4 37. Nc4 Bd5 38. Nd2 Rh3 39. Re8 Rxh2 40. Rf8 Kg5 41. Ke2 Rh3 42. f3 h5 43. b4 h4 44. Rh8 Rh2+ 45. Ke1 Kf6 46. Ne4+ Bxe4 47. fxe4 Ke5 48. Rc8 Kxe4 49. Rxc6 Rb2 50. Rc3 Rxb4 51. Kf2 Rb2+ 52. Kg1 f3 53. Rc8 Rg2+ 54. Kf1 h3 55. Re8+ Kd4 56. Rd8+ Ke5 57. Re8+ Kd6 58. Rd8+ Kc6 59. Rc8+ Kb7 0-1

[Event "Mitropa Cup Open 2019"]
[Site "Radenci"]
[Date "2019.05.30"]
[Round "4.15"]
[White "Lagunow, Raphael"]
[Black "Di Nicolantonio, Lucas"]
[Result "1/2-1/2"]
[ECO "B96"]
[WhiteElo "2420"]
[BlackElo "2379"]
[Annotator "ChessBase"]
[PlyCount "64"]
[EventDate "2019.05.27"]
[EventType "team-tourn"]
[EventCountry "SLO"]
[SourceTitle "playchess.com"]
[Source "ChessBase"]
[SourceQuality "1"]
[WhiteTeam "Germany"]
[BlackTeam "France"]
[WhiteTeamCountry "GER"]
[BlackTeamCountry "FRA"]
[TimeControl "40/5400+30:1800+30"]

1. e4 c5 2. Nf3 d6 3. d4 cxd4 4. Nxd4 Nf6 5. Nc3 a6 6. Bg5 e6 7. f4 h6 8. Bh4 Qb6 9. a3 Be7 10. Bf2 Qc7 11. Qe2 e5 12. Nf5 Bxf5 13. exf5 exf4 14. O-O-O O-O 15. Qf3 Nbd7 16. Qxf4 Rfc8 17. Kb1 Ne5 18. Be2 d5 19. Bd4 Bd6 20. Qc1 b5 21. Bxe5 Bxe5 22. Nxd5 Nxd5 23. Rxd5 Rab8 24. c3 Bf6 25. g3 Qe7 26. Qd1 Qe4+ 27. Rd3 a5 28. Bf3 Qc4 29. Bd5 Qc7 30. Bb3 Rd8 31. Rxd8+ Rxd8 32. Qc2 Qe5 1/2-1/2

[Event "Mitropa Cup Open 2019"]
[Site "Radenci"]
[Date "2019.05.30"]
[Round "4.16"]
[White "Eugene, Floryan"]
[Black "Schmidek, Emil"]
[Result "1-0"]
[ECO "C55"]
[WhiteElo "2303"]
[BlackElo "2396"]
[Annotator "ChessBase"]
[PlyCount "95"]
[EventDate "2019.05.27"]
[EventType "team-tourn"]
[EventCountry "SLO"]
[SourceTitle "playchess.com"]
[Source "ChessBase"]
[SourceQuality "1"]
[WhiteTeam "France"]
[BlackTeam "Germany"]
[WhiteTeamCountry "FRA"]
[BlackTeamCountry "GER"]
[TimeControl "40/5400+30:1800+30"]

1. e4 e5 2. Nf3 Nc6 3. Bc4 Nf6 4. d3 Be7 5. O-O O-O 6. Re1 d6 7. a4 Na5 8. Ba2 c5 9. c3 Nc6 10. Na3 h6 11. Bd2 Re8 12. Nc2 Bf8 13. Ne3 Be6 14. Bxe6 fxe6 15. h3 a6 16. Ng4 Rc8 17. Be3 Be7 18. Nd2 Nh7 19. Qb3 Bg5 20. Nc4 Rb8 21. a5 Qe7 22. Rad1 Rbd8 23. Qb6 h5 24. Nh2 Bxe3 25. Rxe3 d5 26. exd5 exd5 27. Nxe5 Nxe5 28. Rde1 Qf6 29. Qxc5 Kf7 30. d4 Nc6 31. Rxe8 Rxe8 32. Qxd5+ Re6 33. Nf3 Ke7 34. Qc5+ Kf7 35. Qxh5+ Qg6 36. Qd5 Ke7 37. Qc5+ Kf7 38. Qc4 Nxa5 39. Qc7+ Kf8 40. Rxe6 Qxe6 41. Qxa5 Kg8 42. Qe5 Qb3 43. d5 Nf8 44. Nd4 Qd1+ 45. Kh2 Ng6 46. Qe6+ Kh7 47. d6 Qd2 48. Qf5 1-0

[Event "Mitropa Cup Open 2019"]
[Site "Radenci"]
[Date "2019.05.30"]
[Round "4.18"]
[White "Sonis, Francesco"]
[Black "Vykouk, Jan"]
[Result "0-1"]
[ECO "C07"]
[WhiteElo "2475"]
[BlackElo "2451"]
[Annotator "ChessBase"]
[PlyCount "100"]
[EventDate "2019.05.27"]
[EventType "team-tourn"]
[EventCountry "SLO"]
[SourceTitle "playchess.com"]
[Source "ChessBase"]
[SourceQuality "1"]
[WhiteTeam "Italy"]
[BlackTeam "Czech Republic"]
[WhiteTeamCountry "ITA"]
[BlackTeamCountry "CZE"]
[TimeControl "40/5400+30:1800+30"]

1. d4 e6 2. e4 d5 3. Nd2 c5 4. dxc5 Bxc5 5. exd5 Qxd5 6. Ngf3 Nf6 7. Bc4 Qh5 8. O-O O-O 9. Qe2 a6 10. Ne4 Nxe4 11. Qxe4 Nd7 12. Bg5 Qg6 13. Qe2 b5 14. Bd3 f5 15. Be3 Bb7 16. Rfe1 Be7 17. Bf4 e5 18. Bxe5 Nxe5 19. Qxe5 Bxf3 20. Qe6+ Qxe6 21. Rxe6 Kf7 22. Rae1 Be4 23. Bxe4 fxe4 24. R6xe4 Bf6 25. c3 Rfe8 26. Kf1 Rxe4 27. Rxe4 Re8 28. Rf4 Re5 29. a4 Ke6 30. h4 Kd5 31. axb5 axb5 32. Rb4 Kc5 33. g3 Re6 34. Rf4 Kb6 35. Rf5 Re4 36. Rd5 Kc6 37. Rd2 Kc5 38. f3 Re7 39. Kf2 Kc4 40. f4 h5 41. Kf3 Re8 42. Rd7 Rb8 43. Ke4 Kb3 44. Rd2 Rd8 45. Rg2 Rd1 46. Kf5 Rb1 47. g4 hxg4 48. h5 Rxb2 49. Rxb2+ Kxb2 50. h6 gxh6 0-1

[Event "Mitropa Cup Open 2019"]
[Site "Radenci"]
[Date "2019.05.30"]
[Round "4.19"]
[White "Kraus, Tomas"]
[Black "Shytaj, Luca"]
[Result "1/2-1/2"]
[ECO "B91"]
[WhiteElo "2463"]
[BlackElo "2490"]
[Annotator "ChessBase"]
[PlyCount "153"]
[EventDate "2019.05.27"]
[EventType "team-tourn"]
[EventCountry "SLO"]
[SourceTitle "playchess.com"]
[Source "ChessBase"]
[SourceQuality "1"]
[WhiteTeam "CZE"]
[BlackTeam "ITA"]
[WhiteTeamCountry "CZE"]
[TimeControl "40/5400+30:1800+30"]

1. e4 c5 2. Nf3 d6 3. Nc3 a6 4. g3 Nc6 5. Bg2 g6 6. d4 cxd4 7. Nxd4 Bd7 8. Be3 Nf6 9. h3 Bg7 10. O-O O-O 11. Nde2 Rc8 12. b3 b5 13. Nd5 Be6 14. Qd2 Nd7 15. Rad1 Nc5 16. Kh2 f5 17. exf5 Bxf5 18. g4 Be6 19. f4 Bf7 20. Bf2 Nd7 21. Bh4 Nb6 22. Nec3 b4 23. Nxb6 Qxb6 24. Nd5 Qa5 25. Bxe7 Qxa2 26. Bxf8 Rxf8 27. g5 Nd4 28. Nf6+ Bxf6 29. gxf6 Nf5 30. Be4 Qa5 31. Ra1 Qc5 32. Rxa6 Be6 33. Rc6 Qa5 34. Qd3 Rxf6 35. Qa6 Qd8 36. Bd5 Kg7 37. Bg2 Rf7 38. Qa1+ Kh6 39. Qe1 Bd7 40. Ra6 Bb5 41. Ra8 Qf6 42. Rf2 Qh4 43. Kg1 Qg3 44. Rc8 Re7 45. Qxb4 Nh4 46. Qxb5 Re1+ 47. Qf1 Rxf1+ 48. Kxf1 Qe3 49. Rc7 Qc1+ 50. Ke2 Nf5 51. Rc3 Nd4+ 52. Kd3 Ne6 53. Rc4 Qd1+ 54. Rd2 Qe1 55. Kc3 Nxf4 56. Rxf4 Qe3+ 57. Rd3 Qxf4 58. Bd5 Qf6+ 59. Kc4 Qb2 60. c3 Kg5 61. Rf3 Kh4 62. Kb5 g5 63. b4 h5 64. c4 g4 65. hxg4 hxg4 66. Rf8 Kg5 67. Ka5 g3 68. b5 Qg7 69. Re8 Qa7+ 70. Kb4 Qd4 71. Rg8+ Kf4 72. Ka5 Qa7+ 73. Kb4 Qb6 74. Ka4 Qd4 75. Ka5 Qa7+ 76. Kb4 Qc5+ 77. Ka5 1/2-1/2

[Event "Mitropa Cup Open 2019"]
[Site "Radenci"]
[Date "2019.05.31"]
[Round "5.2"]
[White "Nagy, Gabor"]
[Black "Shytaj, Luca"]
[Result "1-0"]
[ECO "A13"]
[WhiteElo "2471"]
[BlackElo "2490"]
[Annotator "ChessBase"]
[PlyCount "65"]
[EventDate "2019.05.27"]
[EventType "team-tourn"]
[EventCountry "SLO"]
[SourceTitle "playchess.com"]
[Source "ChessBase"]
[SourceQuality "1"]
[WhiteTeam "HUN"]
[BlackTeam "ITA"]
[WhiteTeamCountry "HUN"]
[TimeControl "40/5400+30:1800+30"]

1. Nf3 Nf6 2. c4 e6 3. g3 a6 4. Bg2 b5 5. b3 Bb7 6. O-O Be7 7. Nc3 b4 8. Na4 O-O 9. d4 Be4 10. Ne5 Bxg2 11. Kxg2 a5 12. e3 d6 13. Qf3 Ra6 14. Nd3 Nfd7 15. Bb2 Nb6 16. Nxb6 cxb6 17. Qe2 Ra7 18. e4 Nd7 19. f4 b5 20. f5 bxc4 21. bxc4 Nb6 22. fxe6 fxe6 23. Nf4 Qc8 24. c5 dxc5 25. dxc5 Bxc5 26. Rac1 Na4 27. Bd4 Rc7 28. Be5 Bd6 29. Rxc7 Bxc7 30. Bxc7 g5 31. Qg4 Rf7 32. Nd5 Rxc7 33. Nxc7 1-0

[Event "Mitropa Cup Open 2019"]
[Site "Radenci"]
[Date "2019.05.31"]
[Round "5.3"]
[White "Lodici, Lorenzo"]
[Black "Kozak, Adam"]
[Result "1/2-1/2"]
[ECO "E15"]
[WhiteElo "2453"]
[BlackElo "2458"]
[Annotator "ChessBase"]
[PlyCount "60"]
[EventDate "2019.05.27"]
[EventType "team-tourn"]
[EventCountry "SLO"]
[SourceTitle "playchess.com"]
[Source "ChessBase"]
[SourceQuality "1"]
[WhiteTeam "Italy"]
[BlackTeam "Hungary"]
[WhiteTeamCountry "ITA"]
[BlackTeamCountry "HUN"]
[TimeControl "40/5400+30:1800+30"]

1. d4 Nf6 2. c4 e6 3. g3 Bb4+ 4. Bd2 Be7 5. Bg2 d5 6. Nf3 O-O 7. O-O Nbd7 8. Qc2 c6 9. Rd1 b6 10. b3 Ba6 11. Bc1 Rc8 12. Bb2 Qc7 13. Nc3 dxc4 14. e4 Rfd8 15. Nd2 b5 16. bxc4 bxc4 17. Na4 c5 18. d5 exd5 19. exd5 Nb6 20. Nxb6 axb6 21. Nxc4 Bxc4 22. Qxc4 Ne8 23. a4 Bf6 24. Bxf6 Nxf6 25. Qb5 h6 26. a5 bxa5 27. Rxa5 c4 28. Rc1 c3 29. Ra6 Qe5 30. Rc6 Qd4 1/2-1/2

[Event "Mitropa Cup Open 2019"]
[Site "Radenci"]
[Date "2019.05.31"]
[Round "5.4"]
[White "Csonka, Balazs"]
[Black "Di Benedetto, Edoardo"]
[Result "1-0"]
[ECO "E05"]
[WhiteElo "2466"]
[BlackElo "2404"]
[Annotator "ChessBase"]
[PlyCount "75"]
[EventDate "2019.05.27"]
[EventType "team-tourn"]
[EventCountry "SLO"]
[SourceTitle "playchess.com"]
[Source "ChessBase"]
[SourceQuality "1"]
[WhiteTeam "HUN"]
[BlackTeam "ITA"]
[BlackTeamCountry "ITA"]
[TimeControl "40/5400+30:1800+30"]

1. d4 d5 2. c4 e6 3. Nf3 Nf6 4. g3 Be7 5. Bg2 O-O 6. O-O dxc4 7. Qc2 a6 8. a4 Bd7 9. Rd1 Bc6 10. Nc3 Nbd7 11. e4 b5 12. d5 exd5 13. e5 Ne4 14. Nxd5 Bxd5 15. Rxd5 Nec5 16. axb5 Qe8 17. Rd1 Nd3 18. bxa6 Bc5 19. Rf1 Qe6 20. Ng5 Qxe5 21. Bxa8 Rxa8 22. Qxc4 Nxf2 23. Kg2 Qf5 24. Qf4 Qd5+ 25. Qf3 Qxf3+ 26. Nxf3 Ne4 27. Bf4 c6 28. Rfd1 Nb6 29. Ne5 g5 30. Bc1 Re8 31. Nxc6 Re6 32. Rd8+ Kg7 33. b4 Rxc6 34. bxc5 Rxc5 35. a7 Rc2+ 36. Kg1 Nc3 37. Be3 Ne2+ 38. Kh1 1-0

[Event "Mitropa Cup Open 2019"]
[Site "Radenci"]
[Date "2019.05.31"]
[Round "5.6"]
[White "Vykouk, Jan"]
[Black "Joie, Sebastien"]
[Result "1-0"]
[ECO "B04"]
[WhiteElo "2451"]
[BlackElo "2425"]
[Annotator "ChessBase"]
[PlyCount "131"]
[EventDate "2019.05.27"]
[EventType "team-tourn"]
[EventCountry "SLO"]
[SourceTitle "playchess.com"]
[Source "ChessBase"]
[SourceQuality "1"]
[WhiteTeam "Czech Republic"]
[BlackTeam "France"]
[WhiteTeamCountry "CZE"]
[BlackTeamCountry "FRA"]
[TimeControl "40/5400+30:1800+30"]

1. e4 Nf6 2. e5 Nd5 3. d4 d6 4. Nf3 g6 5. Bc4 Nb6 6. Bb3 Bg7 7. O-O O-O 8. Re1 dxe5 9. Nxe5 Bxe5 10. dxe5 Qxd1 11. Rxd1 Nc6 12. Bh6 Re8 13. Nc3 Bf5 14. Bf4 Red8 15. e6 Bxe6 16. Bxe6 fxe6 17. Bxc7 Rxd1+ 18. Rxd1 Nc4 19. Bf4 e5 20. Bg5 Nd4 21. b3 Nb6 22. Ne4 Nxc2 23. Bxe7 Nd4 24. Bf6 Nc6 25. Nc5 Rf8 26. Bg5 Rf5 27. h4 Rf7 28. Rd6 Nd4 29. Rd8+ Rf8 30. Rxf8+ Kxf8 31. Nxb7 Nd5 32. Nc5 Kf7 33. f3 Nf5 34. Kf2 h6 35. Bd2 Nxh4 36. Bxh6 Nf5 37. Bd2 Ke7 38. Ke2 Nf4+ 39. Bxf4 exf4 40. Nd3 g5 41. Nc5 Kf6 42. Ne4+ Kg6 43. b4 Ne3 44. Kf2 Nd1+ 45. Kg1 Nb2 46. b5 Na4 47. Kh2 Kf5 48. Nd6+ Ke6 49. Nc8 Nc3 50. Nxa7 Nxa2 51. Kh3 Nb4 52. Kg4 Nd3 53. Kxg5 Ne1 54. Kxf4 Nxg2+ 55. Ke4 Kd6 56. Nc6 Nh4 57. f4 Kc5 58. Nd4 Ng6 59. f5 Nh8 60. f6 Nf7 61. Kf4 Kd6 62. Kf5 Kd5 63. Kg6 Ne5+ 64. Kg7 Kxd4 65. b6 Kd5 66. b7 1-0

[Event "Mitropa Cup Open 2019"]
[Site "Radenci"]
[Date "2019.05.31"]
[Round "5.7"]
[White "Di Nicolantonio, Lucas"]
[Black "Kraus, Tomas"]
[Result "1/2-1/2"]
[ECO "B33"]
[WhiteElo "2379"]
[BlackElo "2463"]
[Annotator "ChessBase"]
[PlyCount "99"]
[EventDate "2019.05.27"]
[EventType "team-tourn"]
[EventCountry "SLO"]
[SourceTitle "playchess.com"]
[Source "ChessBase"]
[SourceQuality "1"]
[WhiteTeam "France"]
[BlackTeam "Czech Republic"]
[WhiteTeamCountry "FRA"]
[BlackTeamCountry "CZE"]
[TimeControl "40/5400+30:1800+30"]

1. e4 c5 2. Nf3 Nc6 3. d4 cxd4 4. Nxd4 Qb6 5. Nb3 Nf6 6. Nc3 e6 7. Qe2 d6 8. Be3 Qc7 9. O-O-O h5 10. f4 a6 11. g3 b5 12. Bg2 Bb7 13. h3 Be7 14. g4 O-O-O 15. Kb1 Kb8 16. Bf3 hxg4 17. hxg4 Nd7 18. Qf2 g5 19. fxg5 Nce5 20. Rh5 Rhg8 21. a4 b4 22. Na2 Rc8 23. Rc1 a5 24. Nd4 Nc5 25. Nb5 Qd7 26. Rd1 Nxe4 27. Bxe4 Bxe4 28. Rd2 b3 29. Nac3 bxc2+ 30. Rxc2 Nxg4 31. Ba7+ Ka8 32. Qb6 Bxc2+ 33. Kxc2 Ne5 34. Bb8 Nc4 35. Nc7+ Rxc7 36. Qxc7 Qxc7 37. Bxc7 Kb7 38. Nb5 Rc8 39. Rh7 Ne5 40. g6 Nxg6 41. Rxf7 Ka6 42. Kb3 Rf8 43. Rg7 Rf3+ 44. Ka2 Rg3 45. Nxd6 Rg4 46. Kb3 Rb4+ 47. Ka3 Rd4 48. Rxg6 Bxd6+ 49. Bxd6 Rxd6 50. Kb3 1/2-1/2

[Event "Mitropa Cup Open 2019"]
[Site "Radenci"]
[Date "2019.05.31"]
[Round "5.8"]
[White "Miesbauer, Jan"]
[Black "Eugene, Floryan"]
[Result "1-0"]
[ECO "C60"]
[WhiteElo "2407"]
[BlackElo "2303"]
[Annotator "ChessBase"]
[PlyCount "113"]
[EventDate "2019.05.27"]
[EventType "team-tourn"]
[EventCountry "SLO"]
[SourceTitle "playchess.com"]
[Source "ChessBase"]
[SourceQuality "1"]
[WhiteTeam "Czech Republic"]
[BlackTeam "France"]
[WhiteTeamCountry "CZE"]
[BlackTeamCountry "FRA"]
[TimeControl "40/5400+30:1800+30"]

1. e4 e5 2. Nf3 Nc6 3. Bb5 Nge7 4. c3 g6 5. O-O Bg7 6. d4 exd4 7. cxd4 d5 8. exd5 Nxd5 9. Bg5 Qd6 10. Re1+ Be6 11. Nbd2 O-O 12. Ne4 Qb4 13. Bxc6 bxc6 14. Qd2 Rab8 15. b3 Qa3 16. Bh6 Rfe8 17. Bxg7 Kxg7 18. Ne5 Nb4 19. Nc5 h5 20. Qf4 Bf5 21. Nc4 Rxe1+ 22. Rxe1 Qxa2 23. Qxc7 Re8 24. Ne5 Rf8 25. h3 Nc2 26. Rd1 Nxd4 27. Nxg6 Ne2+ 28. Kf1 Qc2 29. Re1 Kxg6 30. Qd6+ Kg7 31. Rxe2 Qc1+ 32. Re1 Qg5 33. Qe5+ Qf6 34. Qxf6+ Kxf6 35. Ra1 Ra8 36. Ra6 Ke5 37. Rxc6 Kd5 38. Rc7 Bc2 39. b4 a5 40. bxa5 Kd6 41. Rxf7 Kxc5 42. Rc7+ Kd4 43. Rxc2 Rxa5 44. Kg1 Ke4 45. Kh2 Kf4 46. Rc4+ Kg5 47. h4+ Kf5 48. Kg3 Ra3+ 49. f3 Ra5 50. Rc8 Ra7 51. Rg8 Rh7 52. Rg5+ Kf6 53. Kh3 Rh8 54. g4 hxg4+ 55. fxg4 Ra8 56. Rf5+ Kg6 57. h5+ {[%emt 0:00:05] Kf6} 1-0

[Event "Mitropa Cup Open 2019"]
[Site "Radenci"]
[Date "2019.05.31"]
[Round "5.11"]
[White "Pechac, Jergus"]
[Black "Lagunow, Raphael"]
[Result "1/2-1/2"]
[ECO "D44"]
[WhiteElo "2461"]
[BlackElo "2420"]
[Annotator "ChessBase"]
[PlyCount "116"]
[EventDate "2019.05.27"]
[EventType "team-tourn"]
[EventCountry "SLO"]
[SourceTitle "playchess.com"]
[Source "ChessBase"]
[SourceQuality "1"]
[WhiteTeam "Slovakia"]
[BlackTeam "Germany"]
[WhiteTeamCountry "SVK"]
[BlackTeamCountry "GER"]
[TimeControl "40/5400+30:1800+30"]

1. d4 d5 2. c4 c6 3. Nf3 Nf6 4. Nc3 e6 5. Bg5 dxc4 6. e4 b5 7. e5 h6 8. Bh4 g5 9. Nxg5 hxg5 10. Bxg5 Nbd7 11. g3 Bb7 12. Bg2 Qb6 13. exf6 c5 14. d5 O-O-O 15. O-O b4 16. Na4 Qa6 17. a3 Bxd5 18. Bxd5 Ne5 19. Nxc5 Bxc5 20. Qe2 exd5 21. Qxe5 b3 22. Rae1 Qd6 23. Qc3 Qd7 24. h4 Qc6 25. Re7 Bxe7 26. fxe7 Rde8 27. Re1 Rhg8 28. Qa5 Rg6 29. Qxa7 Re6 30. Rxe6 fxe6 31. Bf6 Qc7 32. Qxc7+ Kxc7 33. h5 d4 34. Bxd4 Rxe7 35. Be5+ Kc6 36. g4 Kd5 37. f4 Rh7 38. Kf2 Ke4 39. Kg3 Rd7 40. h6 Rd3+ 41. Kg2 Rd2+ 42. Kg1 Rd1+ 43. Kf2 Rd2+ 44. Kf1 Kf3 45. Ke1 Re2+ 46. Kd1 Rh2 47. h7 Rxh7 48. Kd2 Rh2+ 49. Kc3 Rc2+ 50. Kb4 Kxg4 51. a4 c3 52. Kxb3 Rxb2+ 53. Kxc3 Rb1 54. Kc4 Rc1+ 55. Kb5 Rb1+ 56. Kc6 Rc1+ 57. Kb5 Rb1+ 58. Kc6 Rc1+ 1/2-1/2

[Event "Mitropa Cup Open 2019"]
[Site "Radenci"]
[Date "2019.05.31"]
[Round "5.12"]
[White "Schmidek, Emil"]
[Black "Sahidi, Samir"]
[Result "1/2-1/2"]
[ECO "B42"]
[WhiteElo "2396"]
[BlackElo "2400"]
[Annotator "ChessBase"]
[PlyCount "114"]
[EventDate "2019.05.27"]
[EventType "team-tourn"]
[EventCountry "SLO"]
[SourceTitle "playchess.com"]
[Source "ChessBase"]
[SourceQuality "1"]
[WhiteTeam "Germany"]
[BlackTeam "Slovakia"]
[WhiteTeamCountry "GER"]
[BlackTeamCountry "SVK"]
[TimeControl "40/5400+30:1800+30"]

1. e4 c5 2. Nf3 e6 3. d4 cxd4 4. Nxd4 a6 5. Bd3 Nc6 6. Nb3 Nf6 7. Qe2 Nb4 8. Nc3 Nxd3+ 9. cxd3 Be7 10. e5 Nd5 11. Nxd5 exd5 12. Qg4 Bf8 13. Qd4 d6 14. O-O Be6 15. Bf4 Be7 16. exd6 Bf6 17. Be5 Bxe5 18. Qxe5 O-O 19. Rac1 Qb6 20. Rc7 Rad8 21. Rfc1 Rxd6 22. Rxb7 Qxb7 23. Qxd6 d4 24. Qxd4 Bxb3 25. axb3 Qxb3 26. g3 h6 27. Qc3 Rb8 28. Rc2 Qd5 29. Qc4 Qf3 30. Rd2 Re8 31. Qc1 h5 32. h4 g5 33. hxg5 h4 34. Qd1 Qf5 35. Re2 Rb8 36. Qa4 hxg3 37. Re8+ Rxe8 38. Qxe8+ Kg7 39. fxg3 Qc5+ 40. Kg2 Qc2+ 41. Kh3 Qxb2 42. Qd8 Qe5 43. d4 Qf5+ 44. Kg2 Qe4+ 45. Kf2 Qc2+ 46. Kf3 Qd3+ 47. Kf2 Qf5+ 48. Kg2 Kg6 49. d5 Qxg5 50. Qb6+ f6 51. Qd4 Qe5 52. Qd3+ Qf5 53. Qd2 Qe4+ 54. Kh2 Kf7 55. Qa2 Ke7 56. Qa3+ Kf7 57. Qa2 Ke7 1/2-1/2

[Event "Mitropa Cup Open 2019"]
[Site "Radenci"]
[Date "2019.05.31"]
[Round "5.14"]
[White "Blohberger, Felix"]
[Black "Kovacevic, Blazimir"]
[Result "1/2-1/2"]
[ECO "C03"]
[WhiteElo "2475"]
[BlackElo "2456"]
[Annotator "ChessBase"]
[PlyCount "54"]
[EventDate "2019.05.27"]
[EventType "team-tourn"]
[EventCountry "SLO"]
[SourceTitle "playchess.com"]
[Source "ChessBase"]
[SourceQuality "1"]
[WhiteTeam "Austria"]
[BlackTeam "Croatia"]
[WhiteTeamCountry "AUT"]
[BlackTeamCountry "CRO"]
[TimeControl "40/5400+30:1800+30"]

1. e4 e6 2. d4 d5 3. Nd2 Be7 4. Ngf3 Nf6 5. e5 Nfd7 6. Bd3 c5 7. c3 b6 8. Qe2 a5 9. a4 Ba6 10. Nb1 Bxd3 11. Qxd3 Nc6 12. Na3 cxd4 13. cxd4 Nb4 14. Qe2 Nb8 15. O-O O-O 16. Bf4 N8c6 17. Rfc1 Qd7 18. Nb5 Rfc8 19. Rc3 Na7 20. Rac1 Na2 21. Rxc8+ Rxc8 22. Rxc8+ Nxc8 23. Qc2 Nb4 24. Qc3 Nc6 25. Qc2 Nb4 26. Qc3 Nc6 27. Qc2 Nb4 1/2-1/2

[Event "Mitropa Cup Open 2019"]
[Site "Radenci"]
[Date "2019.05.31"]
[Round "5.15"]
[White "Tica, Sven"]
[Black "Mesaros, Florian"]
[Result "0-1"]
[ECO "E00"]
[WhiteElo "2417"]
[BlackElo "2439"]
[Annotator "ChessBase"]
[PlyCount "78"]
[EventDate "2019.05.27"]
[EventType "team-tourn"]
[EventCountry "SLO"]
[SourceTitle "playchess.com"]
[Source "ChessBase"]
[SourceQuality "1"]
[WhiteTeam "Croatia"]
[BlackTeam "Austria"]
[WhiteTeamCountry "CRO"]
[BlackTeamCountry "AUT"]
[TimeControl "40/5400+30:1800+30"]

1. d4 Nf6 2. c4 e6 3. g3 d5 4. Bg2 Bb4+ 5. Bd2 Be7 6. Nf3 Ne4 7. O-O c6 8. Qc2 Nd7 9. Bf4 g5 10. cxd5 exd5 11. Be3 h5 12. Nfd2 Nd6 13. f3 h4 14. Bf2 hxg3 15. hxg3 Nb6 16. e4 Be6 17. Nc3 Qd7 18. Rfe1 O-O-O 19. a4 Bh3 20. Bh1 dxe4 21. fxe4 Nbc4 22. Nxc4 Nxc4 23. Bf3 Bg4 24. Bg2 Kb8 25. b3 Nd6 26. e5 Nf5 27. d5 cxd5 28. Nxd5 Bh3 29. Bf3 Rc8 30. Qb2 Bg4 31. Be4 Qe6 32. Rac1 Rcd8 33. Nxe7 Nxe7 34. Bc5 Bf5 35. Bd6+ Ka8 36. Bxb7+ Kxb7 37. Rc7+ Ka8 38. Qf2 Nc6 39. Qf3 Rxd6 0-1

[Event "Mitropa Cup Open 2019"]
[Site "Radenci"]
[Date "2019.05.31"]
[Round "5.16"]
[White "Horvath, Dominik"]
[Black "Srbis, Jurica"]
[Result "1-0"]
[ECO "A19"]
[WhiteElo "2406"]
[BlackElo "2429"]
[Annotator "ChessBase"]
[PlyCount "141"]
[EventDate "2019.05.27"]
[EventType "team-tourn"]
[EventCountry "SLO"]
[SourceTitle "playchess.com"]
[Source "ChessBase"]
[SourceQuality "1"]
[WhiteTeam "Austria"]
[BlackTeam "Croatia"]
[WhiteTeamCountry "AUT"]
[BlackTeamCountry "CRO"]
[TimeControl "40/5400+30:1800+30"]

1. c4 Nf6 2. Nc3 e6 3. e4 c5 4. e5 Ng8 5. Nf3 Nc6 6. d4 cxd4 7. Nxd4 Qc7 8. Ndb5 Qxe5+ 9. Qe2 Qxe2+ 10. Bxe2 Kd8 11. Bf4 a6 12. Nd6 Bxd6 13. Bxd6 Nf6 14. O-O-O Ne8 15. Bf4 d6 16. Bxd6 Nxd6 17. Rxd6+ Kc7 18. c5 Rd8 19. Rhd1 Bd7 20. Na4 Be8 21. Nb6 Rab8 22. Nc4 Bd7 23. Bf3 f6 24. Bg4 f5 25. Bf3 Be8 26. Nb6 Rxd6 27. Rxd6 Rd8 28. Rxe6 Bf7 29. Re2 Bxa2 30. b4 Bg8 31. Kb2 g5 32. g3 Bf7 33. Kc3 Re8 34. Rd2 Rd8 35. Re2 Re8 36. Rd2 Rd8 37. Rxd8 Nxd8 38. Bd5 h6 39. Bxf7 Nxf7 40. Kd4 Kc6 41. Nc4 Kb5 42. Kd5 Kxb4 43. Nd6 Nd8 44. f4 g4 45. Nxb7 Nxb7 46. c6 Na5 47. c7 Nc4 48. Kc6 Na5+ 49. Kb6 Nc4+ 50. Kxa6 Nd6 51. Kb6 Kc4 52. Kc6 Nc8 53. Kd7 Nb6+ 54. Ke6 Kc5 55. Kxf5 Kd6 56. Kxg4 Kxc7 57. Kh5 Kd6 58. Kxh6 Nd5 59. Kg6 Ke7 60. h4 Kf8 61. h5 Kg8 62. f5 Ne7+ 63. Kg5 Nd5 64. Kg6 Ne7+ 65. Kf6 Nd5+ 66. Ke6 Nc7+ 67. Kd6 Ne8+ 68. Ke7 Nc7 69. f6 Nd5+ 70. Ke6 Nc7+ 71. Kd6 1-0

[Event "Mitropa Cup Open 2019"]
[Site "Radenci"]
[Date "2019.05.31"]
[Round "5.20"]
[White "Subelj, Jan"]
[Black "Stijve, Theo"]
[Result "0-1"]
[ECO "B31"]
[WhiteElo "2407"]
[BlackElo "2310"]
[Annotator "ChessBase"]
[PlyCount "160"]
[EventDate "2019.05.27"]
[EventType "team-tourn"]
[EventCountry "SLO"]
[SourceTitle "playchess.com"]
[Source "ChessBase"]
[SourceQuality "1"]
[WhiteTeam "Slovenia"]
[BlackTeam "Switzerland"]
[WhiteTeamCountry "SLO"]
[BlackTeamCountry "SUI"]
[TimeControl "40/5400+30:1800+30"]

1. e4 c5 2. Nf3 Nc6 3. Bb5 g6 4. O-O Bg7 5. Re1 e5 6. Bxc6 dxc6 7. a3 c4 8. a4 Be6 9. Qe2 Rb8 10. Na3 b5 11. axb5 cxb5 12. b3 cxb3 13. cxb3 Qd7 14. Bb2 Bg4 15. Rac1 Ne7 16. Rc5 O-O 17. Nxb5 a6 18. Nc3 Rxb3 19. Ba1 Rc8 20. Ra5 Bxf3 21. gxf3 Nc6 22. Rd5 Qh3 23. Qf1 Qxf3 24. Re3 Qg4+ 25. Rg3 Qh4 26. Qxa6 Rbb8 27. Qf1 Nd4 28. Qd3 Qe7 29. Kh1 Rb3 30. Rg1 Qf6 31. Rf1 Bh6 32. Qh3 Rcb8 33. Qxh6 Qf3+ 34. Kg1 Qg4+ 35. Kh1 Qf3+ 36. Kg1 Rxc3 37. Rxd4 Qg4+ 38. Kh1 Qf3+ 39. Kg1 Qg4+ 40. Kh1 Rh3 41. f3 Rxh6 42. fxg4 exd4 43. Bxd4 Rb4 44. Bf6 Rh3 45. Rc1 Rb8 46. d4 Rhb3 47. Kg2 Re3 48. d5 Rxe4 49. d6 Re2+ 50. Kf3 Rd2 51. Be7 f6 52. Ke3 Rd5 53. Ke4 Re5+ 54. Kd4 Kf7 55. Rf1 Re6 56. Kc5 Rb7 57. g5 f5 58. Bf6 Rd7 59. Rd1 Re2 60. Kc6 Ke6 61. Be7 Rc2+ 62. Kb6 Re2 63. Rf1 Re4 64. Rf3 Re2 65. Rf1 Rxe7 66. dxe7 Kxe7 67. h4 Ke6 68. Kc5 Ke5 69. Kc4 Re4+ 70. Kd3 Rxh4 71. Ke3 Re4+ 72. Kd3 Rg4 73. Rh1 Rxg5 74. Rxh7 Rg3+ 75. Ke2 g5 76. Ra7 Rg2+ 77. Kf3 Rd2 78. Re7+ Kf6 79. Re3 g4+ 80. Kf4 Rd4+ 0-1